 Dungeon Crawl Stone Soup version 0.26-a0-712-ga5a9c9c9d0 (webtiles) character file.

Game seed: 14737193275037784543

4918 graki42 the Thaumaturge (level 10, -3/50 HPs)
             Began as a Deep Elf Conjurer on Nov 8, 2020.
             Was a Believer of Vehumet.
             Slain by a killer bee (7 damage)
             ... on level 7 of the Dungeon.
             The game lasted 00:39:24 (10011 turns).

graki42 the Thaumaturge (Deep Elf Conjurer)        Turns: 10011, Time: 00:39:25

Health: -3/50      AC:  9    Str:  7    XL:     10   Next: 27%
Magic:  0/19       EV: 13    Int: 24    God:    Vehumet [**....]
Gold:   520        SH:  0    Dex: 13    Spells: 23/34 levels left

rFire    . . .     SeeInvis +   C - +8 rapier of Tamp {pain, *Corrode rN+++ MR++ MP-9}
rCold    . . .     Faith    .   (no shield)
rNeg     + + +     Spirit   .   D - +2 robe {MR+}
rPois    .         Reflect  .   o - +2 helmet
rElec    .         Harm     .   (no cloak)
rCorr    .         Rampage  .   (no gloves)
MR       ++++.                  f - +1 pair of boots
Stlth    ++........             (no amulet)
HPRegen  0.16/turn              A - ring of see invisible
MPRegen  0.16/turn              (no ring)

@: lethally poisoned (-3 -> -5), berserk cooldown, slowed, very slow
A: no striking features
a: Renounce Religion


You were on level 7 of the Dungeon.
You worshipped Vehumet.
Vehumet was pleased with you.
You visited 2 branches of the dungeon, and saw 8 of its levels.
You also visited: Sewer.

You collected 520 gold pieces.

Inventory:

Hand Weapons
 C - the +8 rapier of Tamp (weapon) {pain, *Corrode rN+++ MR++ MP-9}
   (You found it on level 6 of the Dungeon)

   In the hands of one skilled in necromantic magic, it inflicts extra damage on
   living creatures.
   It renders you almost immune to negative energy.
   It affects your resistance to hostile enchantments.
   It affects your magic capacity (-9).
   It may corrode you when you take damage.
Armour
 f - a +1 pair of boots (worn)
 o - a +2 helmet (worn)
 D - a +2 robe of magic resistance (worn)
Jewellery
 a - a +4 ring of protection {unknown}
 z - an uncursed ring of ice
 A - a ring of see invisible (left hand)
 B - an uncursed amulet of faith
Wands
 v - a wand of flame (20)
Scrolls
 b - 2 scrolls of noise
 c - 11 scrolls of remove curse
 d - a scroll of immolation
 i - 4 scrolls of enchant weapon
 l - 4 scrolls of teleportation
 m - 4 scrolls of fear {unknown}
 n - 2 scrolls of fog {unknown}
 q - 3 scrolls of blinking {unknown}
 t - a scroll of magic mapping
 u - 4 scrolls of identify
 w - a scroll of random uselessness {unknown}
 y - a scroll of enchant armour
Potions
 e - a potion of lignification {unknown}
 g - a potion of heal wounds
 h - 3 potions of brilliance
 j - 3 potions of haste
 k - 7 potions of curing
 r - 4 potions of magic {unknown}
 s - a potion of might {unknown}
 x - a potion of resistance


   Skills:
 - Level 3.0 Dodging
 - Level 3.0 Stealth
 + Level 12.9 Spellcasting
 + Level 11.9 Conjurations
 - Level 4.0 Hexes
 - Level 3.0 Translocations


You had 23 spell levels left.
You knew the following spells:

 Your Spells              Type           Power        Failure   Level
a - Magic Dart            Conj           ####         1%          1
b - Searing Ray           Conj           ######       1%          2
c - Fulminant Prism       Conj/Hex       ######....   1%          4
d - Iskenderun's Mystic   Conj/Tloc      ######..     1%          4

Your spell library contained the following spells:

 Spells                   Type           Power        Failure   Level
 Foxfire                  Conj/Fire      ####         1%          1
 Corona                   Hex            ####...      1%          1
 Dazzling Flash           Conj/Hex       ######       1%          3
 Ensorcelled Hibernation  Hex/Ice        ####..       2%          2
 Confusing Touch          Hex            ####....     2%          3
 Tukima's Dance           Hex            ####....     2%          3
 Gell's Gravitas          Tloc           ####......   3%          3
 Petrify                  Tmut/Erth      ###.....     36%         4
 Metabolic Englaciation   Hex/Ice        ####......   43%         5
 Yara's Violent Unravell  Hex/Tmut       ####......   43%         5


Dungeon Overview and Level Annotations

Branches:
Dungeon (7/15)             Temple (1/1) D:4           Sewer (visited)

Altars:
Ashenzari
Cheibriados
Elyvilon
Fedhas
Hepliaklqana
Kikubaaqudgha
Makhleb
Okawaru
Qazlal
Ru
Trog
Uskayaw
Vehumet
Xom
Yredelemnul
Zin

Shops:
D:5 *


Message History

You feel better. The killer bee stings you.
* * * LOW HITPOINT WARNING * * *
The killer bee closely misses you.
The killer bee stings you but does no damage.
Casting: Fulminant Prism (dangerous; 1% risk of failure)
Confirm with . or Enter, or press ? or * to list all spells.
Aiming: Searing Ray (safe; 1% risk of failure)
Press: ? - help, Shift-Dir - straight line, f - killer bee
Aim: a killer bee The searing ray hits the killer bee!
The killer bee is severely wounded. (Press . to maintain the ray.)
The killer bee barely misses you. x2; The killer bee stings you.
* * * LOW HITPOINT WARNING * * *
You are poisoned.
The killer bee poisons you!
The searing ray misses the killer bee.
You feel sick.
The killer bee stings you but does no damage.
The killer bee closely misses you. The killer bee stings you!
You die...

#†...# #.# ###
##(## ....
.#####.()##..#
...........[.#
######...###.####
##.## #.##.. #y#
#.##.# #@# #.##.#
#.# #.##.# #.#
##.##.########
#.#
#.............
#(#
#.............
#.#
#.###.########
#.###.# #.# ###
#.....#
#.######..
#######
#........#


You could see a killer bee.

Vanquished Creatures
  A deep elf mage (D:7)
  Joseph (D:7)
  Prince Ribbit (D:6)
  Grinder (D:6)
  A slime creature (D:6)
  Eustachio (D:6)
  Menkaure (D:4)
  Duvessa (D:5)
  A sky beast (D:6)
  2 ogres (D:4)
  3 eyes of draining (D:3)
  2 centaurs
  An elf zombie (D:7)
  Blork the orc (D:6)
  2 bullfrogs (Sewer)
  Dowan (D:5)
  4 killer bees (D:7)
  5 wights (D:6)
  3 howler monkeys (D:7)
  6 electric eels (D:7)
  A bullfrog zombie (D:5)
  A quasit (D:6)
  7 jellies (D:6)
  3 centaur skeletons
  2 human zombies (D:7)
  7 orc priests
  4 hounds
  An orc wizard (D:4)
  A human skeleton (D:7)
  Jessica (D:2)
  Natasha (twice) (D:2)
  An iguana (D:4)
  3 worker ants
  A killer bee zombie (D:7)
  Robin (D:2)
  4 gnolls (D:6)
  13 adders
  7 river rats
  A shadow imp (D:7)
  A white imp (D:6)
  22 oozes
  An adder zombie (D:5)
  6 worms
  5 dart slugs
  2 leopard geckos
  21 orcs
  12 ball pythons
  6 giant cockroaches
  17 goblins
  10 hobgoblins
  12 jackals
  2 quokkas
  A ball python skeleton (D:5)
  6 bats
  7 frilled lizards
  A jackal skeleton (D:6)
  12 kobolds
  2 leopard gecko skeletons
  A quokka zombie (D:6)
  27 rats
274 creatures vanquished.

Vanquished Creatures (others)
  17 fulminant prisms
  2 fungi (D:6)
  11 plants
30 creatures vanquished.

Grand Total: 304 creatures vanquished

Notes
Turn   | Place    | Note
-------+----------+-------------------------------------------
     0 | D:1      | graki42 the Deep Elf Conjurer began the quest for the Orb.
     0 | D:1      | Reached XP level 1. HP: 10/10 MP: 6/6
   232 | D:1      | Reached XP level 2. HP: 15/15 MP: 5/8
   236 | D:1      | Learned a level 2 spell: Searing Ray
   329 | D:1      | Reached skill level 5 in Conjurations
   800 | D:1      | Reached XP level 3. HP: 19/19 MP: 6/9
  1316 | D:2      | Noticed Natasha
  1319 | D:2      | Killed Natasha
  1480 | D:2      | Noticed Jessica
  1483 | D:2      | Killed Jessica
  1483 | D:2      | Reached skill level 4 in Spellcasting
  1483 | D:2      | Reached XP level 4. HP: 24/24 MP: 9/12
  1489 | D:2      | Learned a level 4 spell: Fulminant Prism
  1683 | D:2      | Found a blossoming altar of Fedhas.
  1748 | D:2      | Noticed Natasha
  1753 | D:2      | Killed Natasha
  1753 | D:2      | Reached skill level 1 in Hexes
  1858 | D:2      | Noticed Robin
  1859 | D:2      | Reached XP level 5. HP: 28/28 MP: 10/13
  1864 | D:2      | Killed Robin
  2754 | D:3      | Found a bloodstained altar of Trog.
  2754 | D:3      | Noticed an eye of draining
  2754 | D:3      | Noticed an eye of draining
  2756 | D:3      | Noticed an eye of draining
  2760 | D:3      | Killed an eye of draining
  2760 | D:3      | Reached skill level 5 in Spellcasting
  2760 | D:3      | Reached XP level 6. HP: 3/32 MP: 0/15
  4030 | D:3      | Reached skill level 6 in Spellcasting
  4242 | D:3      | Reached XP level 7. HP: 36/36 MP: 3/18
  4482 | D:4      | Noticed Menkaure
  4484 | D:4      | Killed Menkaure
  4490 | D:4      | Reached skill level 7 in Spellcasting
  4497 | D:4      | Found a burning altar of Makhleb.
  4633 | D:4      | Found a staircase to the Ecumenical Temple.
  4651 | D:4      | Found a glowing drain.
  4668 | Sewer    | Entered a sewer
  4717 | Sewer    | Learned a level 4 spell: Iskenderun's Mystic Blast
  5300 | Sewer    | Reached skill level 8 in Spellcasting
  5300 | Sewer    | Reached XP level 8. HP: 33/41 MP: 3/22
  5500 | Temple   | Entered the Ecumenical Temple
  5551 | Temple   | Became a worshipper of Vehumet
  5748 | D:4      | Reached skill level 1 in Translocations
  5801 | D:4      | Found a stormy altar of Qazlal.
  6271 | D:5      | Entered Level 5 of the Dungeon
  6413 | D:5      | Noticed Duvessa
  6418 | D:5      | Noticed Dowan
  6421 | D:5      | Killed Duvessa
  6421 | D:5      | Reached skill level 9 in Spellcasting
  6435 | D:5      | Killed Dowan
  6691 | D:5      | Reached * piety under Vehumet
  6691 | D:5      | Offered knowledge of Sandblast by Vehumet.
  6978 | D:5      | Found Jachounk's Assorted Antiques.
  7176 | D:6      | Noticed Grinder
  7182 | D:6      | Killed Grinder
  7242 | D:6      | Reached skill level 10 in Spellcasting
  7242 | D:6      | Reached XP level 9. HP: 22/45 MP: 13/25
  7482 | D:6      | Reached skill level 10 in Conjurations
  7571 | D:6      | Noticed Prince Ribbit
  7581 | D:6      | Killed Prince Ribbit
  7898 | D:6      | Found an ancient bone altar of Kikubaaqudgha.
  7898 | D:6      | Found a bloodstained altar of Trog.
  7900 | D:6      | Found a white marble altar of Elyvilon.
  7918 | D:6      | Got an encrusted rapier
  7919 | D:6      | Identified the +8 rapier of Tamp {pain, *Corrode rN+++ MR++
                  | MP-9} (You found it on level 6 of the Dungeon)
  7996 | D:6      | Noticed Blork the orc
  8001 | D:6      | Killed Blork the orc
  8070 | D:6      | Noticed Eustachio
  8079 | D:6      | Killed Eustachio
  8079 | D:6      | Reached skill level 11 in Spellcasting
  8330 | D:6      | Reached ** piety under Vehumet
  8330 | D:6      | Offered knowledge of Foxfire by Vehumet.
  8721 | D:7      | Noticed a deep elf mage
  8726 | D:7      | Killed a deep elf mage
  8726 | D:7      | Reached skill level 12 in Spellcasting
  8726 | D:7      | Reached XP level 10. HP: 50/50 MP: 21/28
  9981 | D:7      | Noticed Joseph
 10000 | D:7      | Killed Joseph
 10011 | D:7      | Slain by a killer bee

Illustrated notes

Levels and vault maps discovered:
D:1:      grunt_arrival_lava_bath, layout_basic, kennysheep_small_spiral
D:2:      layout_loops_corners, fedhas_ov_isle_minmay,
          minmay_misc_feat_diagonals, hangedman_decor_growths, uniq_jessica,
          uniq_robin, uniq_natasha
D:3:      layout_rooms, serial_rivers, chequers_serial_rivers_large_a,
          chequers_serial_rivers_micro_d, chequers_serial_rivers_small_3,
          chequers_serial_rivers_room_b, chequers_serial_rivers_marsh,
          trog_eyes_of_draining
D:4:      layout_rooms, overflow_temple_1_default, old_standard_altar,
          minmay_temple_entry_overgrown, portal_sewer_entry_b, serial_glass,
          glass_columns_c, glass_columns_a, minmay_strange_pillars,
          minmay_strange_pillars, grunt_decor_arrowhead, item_on_display_a,
          uniq_menkaure
D:5:      layout_cave_pools, serial_shops, nicolae_shop_overgrown_old_shop,
          uniq_duvessa
D:6:      lemuel_slime, layout_rooms, gammafunk_temple_overflow_forgotten,
          uniq_eustachio, uniq_prince_ribbit1, uniq_grinder, uniq_blork_the_orc
D:7:      cheibrodos_two_vegetables, layout_loops_ring, basic_altar,
          corexii_corridor_pit, lemuel_mausoleum_altar_yredelemnul, uniq_joseph
Temple:   zaba_magenta_temple

Skill      XL: |  1  2  3  4  5  6  7  8  9 |
---------------+----------------------------+-----
Conjurations   | 5 6 7 8 9 11 | 11.9
Stealth        | 3 |  3.0
Dodging        | 3 |  3.0
Spellcasting   | 4 5 6 8 10 12 | 12.9
Hexes          | 1 3 4 |  4.0
Translocations | 3 |  3.0

Action                   |  1- 3 |  4- 6 |  7- 9 | 10-12 || total
-------------------------+-------+-------+-------+-------++-------
Melee: Unarmed           |       |       |     1 |       ||     1
       Rapier            |       |       |       |     4 ||     4
 Cast: Magic Dart        |    50 |    78 |   113 |    15 ||   256
       Searing Ray       |     3 |    16 |    69 |    12 ||   100
       Fulminant Prism   |       |     4 |     3 |    10 ||    17
       Iskenderun's Myst |       |       |     3 |     2 ||     5
  Use: Scroll            |       |       |    12 |       ||    12
       Potion            |       |       |       |     4 ||     4
Armor: Robe              |     1 |     4 |    13 |    19 ||    37
Dodge: Dodged            |       |     5 |    39 |    32 ||    76

Table legend: (Time is in decaauts)
 A = Elapsed time spent in this place.
 B = Non-inter-level travel time spent in this place.
 C = Inter-level travel time spent in this place.
 D = Time resting spent in this place.
 E = Time spent auto-exploring this place.
 F = Levels seen in this place.
 G = Mean time per level.
                   A        B        C        D        E       F      G
               +--------+--------+--------+--------+--------+-----+--------+
         Total |  10103 |   9918 |    185 |   2420 |   5981 |   9 | 1122.6 |
       Dungeon |   9210 |   9039 |    171 |   2215 |   5477 |   7 | 1315.7 |
        Temple |     64 |     51 |     13 |      0 |     45 |   1 |   64.0 |
         Sewer |    828 |    828 |      0 |    205 |    459 |   1 |  828.0 |
               +--------+--------+--------+--------+--------+-----+--------+

Top non-repeatable levels by time:
     D:2: 1893 daAuts
     D:7: 1501 daAuts
     D:3: 1345 daAuts
     D:1: 1270 daAuts
     D:6: 1214 daAuts
     D:4: 1084 daAuts
     D:5: 901 daAuts
   Sewer: 828 daAuts
  Temple: 64 daAuts
